 Dungeon Crawl Stone Soup version 0.28.0-47-ge53b351184 (webtiles) character file.

Game seed: 12628630587017612537

45 Bamboolord the Slasher (level 3, -1/40 HPs)
             Began as a Demonspawn Gladiator on May 9, 2022.
             Slain by Natasha (5 damage)
             ... on level 2 of the Dungeon.
             The game lasted 00:02:18 (1005 turns).

Bamboolord the Slasher (Demonspawn Gladiator)       Turns: 1005, Time: 00:02:18

Health: -1/40      AC: 21    Str: 14    XL:     3   Next: 42%
Magic:  3/3        EV:  2    Int:  9    God:
Gold:   10         SH:  0    Dex: 16    Spells: 2/2 levels left

rFire   . . .      SeeInvis .   a - +0 long sword
rCold   . . .      Faith    .   (no shield)
rNeg    . . .      Spirit   .   (armour currently unavailable)
rPois   +          Reflect  .   (helmet currently unavailable)
rElec   .          Harm     .   (cloak currently unavailable)
rCorr   .          Rampage  .   (gloves currently unavailable)
Will    .....      NoTele   +   (boots currently unavailable)
Stlth   +.........              (no amulet)
HPRegen 0.13/turn               (no ring)
MPRegen 0.16/turn               (no ring)

@: tree-form, hasted, very quick
A: stationary, stasis, torment immunity, boosted hp, (icy blue scales 1), magic
regeneration
a: no special abilities


You were on level 2 of the Dungeon.
You were a tree.
You visited 1 branch of the dungeon, and saw 2 of its levels.

You collected 10 gold pieces.

Inventory:

Hand Weapons
 a - a +0 long sword (weapon)
Armour
 b - a +0 leather armour (melded)
 c - a +0 helmet (melded)
Scrolls
 e - a scroll of fear {unknown}
 h - a scroll of identify {unknown}
 i - a scroll of teleportation {unknown}


   Skills:
 * Level 2.3 Fighting
 * Level 3.5 Long Blades
 - Level 1.7 Throwing
 * Level 0.7 Armour
 + Level 3.0 Dodging


You had 2 spell levels left.
You didn't know any spells.
Your spell library was empty.

Dungeon Overview and Level Annotations

Branches:
Dungeon (2/15)

Altars:
Hepliaklqana

Annotations:
D:2 Natasha


Innate Abilities, Weirdness & Mutations

You are a tree.
Your roots penetrate the ground, keeping you stationary.
You cannot be teleported.
You are immune to unholy pain and torment.
Your maximum health is greatly increased.
Your equipment is partially melded.
((You are partially covered in icy blue scales. (AC +2)))
You regenerate magic rapidly.


Message History

Natasha, Servant of Life and Death comes into view.
She is carrying a wand of polymorph (2).
Natasha hisses angrily.
Natasha zaps a wand.
You turn into a tree.
Your +0 helmet melds into your body.
Your +0 leather armour melds into your body.
Your roots penetrate the ground.
You cannot move.
Throw: 3 throwing nets
Press: ? - help, Q - select action Shift-Dir - straight line, f - gnoll
Aim: a gnoll, wielding a +0 whip (lightly wounded, 64% to hit)
You throw a throwing net.
The throwing net barely misses the gnoll.
The gnoll hits you with a +0 whip.
* * * LOW HITPOINT WARNING * * *
Throw: 2 throwing nets
Press: ? - help, Q - select action Shift-Dir - straight line, f/p - gnoll
Aim: a gnoll, wielding a +0 whip (lightly wounded, 64% to hit)
You throw a throwing net.
The throwing net closely misses the gnoll.
The gnoll hits you but does no damage.
Throw: throwing net
Press: ? - help, Q - select action Shift-Dir - straight line, f - gnoll, p - gnoll
Aim: a gnoll, wielding a +2 vampiric whip (heavily wounded, 64% to hit)
You throw a throwing net. The throwing net hits the gnoll.
The gnoll is caught in the net!
The gnoll is heavily wounded.
The gnoll hits you but does no damage.
The gnoll struggles against the net.
Sorry, you're not good enough to have a special ability.
It was a potion of haste.
You feel yourself speed up.
Natasha wildly gestures.
You feel disoriented. The gnoll hits you with a +0 whip.
* * * LOW HITPOINT WARNING * * *
The gnoll struggles against the net.
Unknown command.
It was a potion of flight.
Your roots keep you in place.
Natasha claws you but does no damage.
It was a potion of lignification.
You feel woody for a moment. The gnoll hits you but does no damage.
The gnoll struggles against the net.
You closely miss Natasha. Natasha claws you.
You die...

#.....................#### ..
####...............>.....###.#
##..######...##.#...#.....#
#..## #.....##..>.........
#...###<#.#.....).##..##..
####.#..##...####............
#............# #.#.#......##
###.......)..# #........#†.#
###.......♣#####g..#....#.#
#.#....hgg.#........###..
#.#.....g....#####..# ###
#.#......#.(........# #
#........#########..# #
###......# #..# #......# ##..
#......##### ##.. ###........#
..


You could see Natasha and 3 gnolls.

Vanquished Creatures
  Natasha (D:2)
  An adder (D:2)
  A ball python (D:1)
  3 endoplasms
  A goblin (D:2)
  A hobgoblin (D:1)
  A bat (D:1)
  A frilled lizard (D:2)
  A kobold (D:1)
  2 rats
13 creatures vanquished.

Notes
Turn   | Place    | Note
-------+----------+-------------------------------------------
     0 | D:1      | Bamboolord the Demonspawn Gladiator began the quest for the
                  | Orb.
     0 | D:1      | Reached XP level 1. HP: 16/16 MP: 1/1
   701 | D:2      | Gained mutation: You are partially covered in icy blue
                  | scales. (AC +2) [demonic ancestry]
   701 | D:2      | Reached XP level 2. HP: 22/22 MP: 2/2
   838 | D:2      | Found a hazy altar of Hepliaklqana.
   839 | D:2      | Noticed Natasha
   854 | D:2      | Noticed a crimson imp
   973 | D:2      | Killed Natasha
   974 | D:2      | Gained mutation: You regenerate magic rapidly. [demonic
                  | ancestry]
   974 | D:2      | Reached XP level 3. HP: 23/27 MP: 3/3
   997 | D:2      | Noticed Natasha
  1005 | D:2      | Slain by Natasha

Illustrated notes

Levels and vault maps discovered:
D:1:      lightli_arrival_noodles, layout_basic
D:2:      layout_rooms, basic_altar, uniq_natasha

Skill      XL: |  1  2 |
---------------+-------+-----
Long Blades    | 3 |  3.5
Dodging        | 3 |  3.0
Fighting       | |  2.3
Throwing       | |  1.7
Armour         | |  0.7

Action                   || total
-------------------------++-------
Melee: Long sword        ||    35
       Unarmed           ||    15
Throw: Throwing net      ||     3
  Use: Potion            ||     3
 Stab: Sleeping          ||     1
Armor: Leather armour    ||    14
       Skin              ||     5
Dodge: Dodged            ||    41
